 Dungeon Crawl Stone Soup version 0.31-a0-1424-g2add1c7226 (webtiles) character file.

Game seed: 16610040048317221711

132999 holysushi the Spry (level 17, -5/89 HPs)
             Began as a Vine Stalker Fighter on Dec 26, 2023.
             Was the Champion of Wu Jian.
             Killed by the raging water
             ... invoked by a water nymph
              (20 damage)
             ... on level 4 of the Shoals.
             The game lasted 01:07:42 (25872 turns).

holysushi the Spry (Vine Stalker Fighter)          Turns: 25872, Time: 01:07:42

Health: -5/89      AC: 14    Str: 26    XL:     17   Next: 13%
Magic:  0/32       EV: 26    Int: 17    God:    Wu Jian [******]
Gold:   280        SH: 15    Dex: 24    Spells: 36/36 levels left

rFire   . . .        a - +7 short sword (speed)
rCold   . . .        y - +2 kite shield {AC+3}
rNeg    . . .        C - +0 troll leather armour
rPois   .            m - +1 helmet {Int+3}
rElec   +            I - +0 cloak
rCorr   .            t - +2 pair of gloves {Dex+3}
SInv    .            U - +1 pair of boots of the Villain {Int+6}
Will    +++..        l - amulet of regeneration
Stlth   +++          u - ring of willpower
HPRegen 2.74/turn    i - ring of the Archfiend {rElec Str+6 Slay+3}
MPRegen 0.23/turn

%: guardian spirit
@: spiked, very slow
A: fangs 3, regeneration 1, magic shield, antimagic bite, no potion heal 2
a: Renounce Religion, Wall Jump, Serpent's Lash, Heavenly Storm


You were on level 4 of the Shoals.
You worshipped Wu Jian.
Wu Jian was exalted by your worship.
You visited 5 branches of the dungeon, and saw 24 of its levels.
You visited 1 bazaar.
You also visited: Ice Cave.

You collected 2114 gold pieces.
You spent 1834 gold pieces at shops.

Inventory:

Hand Weapons
 a - a +7 short sword of speed (weapon)
 b - the +8 sling of Crawling {speed, rPois}
   (You found it on level 5 of the Lair of Beasts)

   rPois:     It protects you from poison
 c - the +10 rapier "Felum" {drain, Fly}
   (You bought it in a shop in a bazaar)

   Fly:       It grants you flight.
Armour
 m - a +1 helmet of intelligence (worn)
 t - a +2 pair of gloves of dexterity (worn)
 w - a +2 robe of resistance
 y - a +2 kite shield of protection (worn)
 B - a +2 robe of willpower
 C - a +0 troll leather armour (worn)
 I - a +0 cloak (worn)
 U - the +1 pair of boots of the Villain (worn) {Int+6}
   (You found it on level 11 of the Dungeon)

   Int+6:     It affects your intelligence (+6).
Jewellery
 h - a ring of fire
 i - the ring of the Archfiend (right hand) {rElec Str+6 Slay+3}
   (You bought it in a shop on level 2 of the Orcish Mines)

   [ring of strength]

   Str+6:     It affects your strength (+6).
   Slay+3:    It affects your accuracy & damage with ranged weapons and melee
   (+3).
   rElec:     It insulates you from electricity.
 k - a ring of poison resistance
 l - an amulet of regeneration (around neck)
 u - a ring of willpower (left hand)
 R - a ring of ice
Wands
 r - a wand of mindburst (6)
 v - a wand of flame (42)
 J - a wand of roots (26)
 L - a wand of paralysis (28)
 S - a wand of digging (16)
Scrolls
 o - 3 scrolls of vulnerability
 p - a scroll of poison
 q - 2 scrolls of revelation
 s - 3 scrolls of fog
 E - 3 scrolls of blinking
 F - 5 scrolls of immolation
 G - 5 scrolls of noise
 M - 12 scrolls of teleportation
 O - 3 scrolls of torment
 W - 2 scrolls of butterflies
Potions
 d - 2 potions of might
 e - 4 potions of cancellation
 f - 9 potions of curing
 g - 2 potions of attraction
 j - 4 potions of berserk rage
 n - 7 potions of brilliance
 x - 3 potions of lignification
 z - 3 potions of magic
 A - 2 potions of enlightenment
 H - 2 potions of haste
 K - 2 potions of heal wounds
 N - 2 potions of ambrosia
 P - 3 potions of invisibility
 T - 3 potions of resistance
 X - a potion of mutation {unknown}
 Z - 3 potions of degeneration {unknown}
Miscellaneous
 D - a phial of floods
 Q - a sack of spiders (inert)
 V - a condenser vane (inert)


   Skills:
 - Level 10.0 Fighting
 - Level 10.0 Short Blades
 + Level 6.8 Ranged Weapons
 - Level 2.4 Armour
 + Level 16.8 Dodging
 - Level 10.0 Stealth
 - Level 10.0 Shields
 - Level 10.0 Spellcasting
 - Level 4.0 Evocations


You had 36 spell levels left.
You didn't know any spells.
Your spell library contained the following spells:

 Spells                   Type           Power      Damage    Failure   Level
 Apportation              Tloc           16%        N/A       16%         1
 Kiss of Death            Conj/Necr      32%        2d7       16%         1
 Necrotise                Necr           32%        1d5       16%         1
 Slow                     Hex            32%        N/A       16%         1
 Sting                    Conj/Alch      32%        1d5       16%         1
 Summon Small Mammal      Summ           32%        N/A       16%         1
 Ensorcelled Hibernation  Hex/Ice        16%        N/A       24%         2
 Call Canine Familiar     Summ           8%         N/A       43%         3
 Confusing Touch          Hex            8%         N/A       43%         3
 Frozen Ramparts          Ice            16%        1d3       43%         3
 Fugue of the Fallen      Necr           8%         N/A       43%         3
 Sigil of Binding         Hex            8%         N/A       43%         3
 Summon Guardian Golem    Hex/Summ       8%         N/A       43%         3
 Tukima's Dance           Hex            8%         N/A       43%         3
 Vampiric Draining        Necr           8%         2d6       43%         3
 Volatile Blastmotes      Fire/Tloc      16%        2d11      43%         3
 Anguish                  Hex/Necr       4%         N/A       85%         4
 Brom's Barrelling Bould  Conj/Erth      8%         2d3       85%         4
 Dimensional Bullseye     Hex/Tloc       4%         N/A       85%         4
 Dispel Undead            Necr           8%         3d8       85%         4
 Fulminant Prism          Conj/Alch      4%         3d5       85%         4
 Iskenderun's Mystic Bla  Conj/Tloc      8%         2d4       85%         4
 Leda's Liquefaction      Alch/Erth      4%         N/A       85%         4
 Petrify                  Alch/Erth      8%         N/A       85%         4
 Summon Ice Beast         Ice/Summ       8%         N/A       85%         4
 Fireball                 Conj/Fire      4%         3d4       99%         5
 Iskenderun's Battlesphe  Conj           8%         2d6       99%         5
 Metabolic Englaciation   Hex/Ice        4%         N/A       99%         5
 Summon Forest            Summ/Tloc      4%         N/A       99%         5
 Summon Mana Viper        Hex/Summ       8%         N/A       99%         5
 Conjure Ball Lightning   Conj/Air       4%         3x3d6     100%        6
 Eringya's Noxious Bog    Alch           4%         4d6       100%        6
 Haunt                    Necr/Summ      4%         N/A       100%        7
 Monstrous Menagerie      Summ           4%         N/A       100%        7
 Orb of Destruction       Conj           4%         9d5       100%        7
 Summon Hydra             Summ           4%         N/A       100%        7
 Borgnjor's Revivificati  Necr           4%         N/A       100%        8
 Death's Door             Necr           4%         N/A       100%        9


Dungeon Overview and Level Annotations

Branches:
Dungeon (12/15) Zot: 25992  Temple (1/1) D:5 Zot: 5944    Lair (5/5) D:11 Zot: 23968
 Shoals (4/4) Lair:3 Zot: 20447  Spider (0/4) Lair:3        Slime (0/5) Lair:5
    Orc (2/2) D:12 Zot: 9914     Elf (0/3) Orc:2         IceCv (visited)

Altars:
Ashenzari
Cheibriados
Dithmenos
Elyvilon
Fedhas
Gozag
Hepliaklqana
Kikubaaqudgha
Makhleb
Nemelex Xobeh
Okawaru
Qazlal
Ru
Sif Muna
Trog
Uskayaw
Vehumet
Wu Jian
Xom
Yredelemnul
Zin
The Shining One
Jiyva

Shops:
D:6 *   D:7 (:   D:12 :   Orc:1 [   Orc:2 [=*=

Annotations:
Lair:5 3 runed translucent doors, jasper's ghost, journeyman DsCA


Innate Abilities, Weirdness & Mutations

You have razor-sharp teeth.
Your natural rate of healing is unusually fast.
When hurt, damage is shared between your health and your magic reserves.
Your bite disrupts and absorbs the magic of your enemies.
Potions cannot restore your health.


Message History

You hit the merfolk.
The merfolk is almost dead.
Your unstable footing causes you to fumble your attack.
You puncture the merfolk!
You kill the merfolk!
The Council accepts your kill.
You hear a splash. x3
You spin and attack the water nymph repeatedly.
You hit the water nymph.
The water nymph is lightly wounded.
Your unstable footing causes you to fumble your attack. x2
You hit the water nymph.
The water nymph is moderately wounded.
The merfolk javelineer throws a silver javelin.
The silver javelin pierces through you!
The water nymph points at you and mumbles some strange words.
The water swirls and strikes you!
The manticore flicks its tail.
The volley of spikes skewers you.
The barbed spikes become lodged in your body.
The merfolk hits you from afar with a +0 trident!
You block the sea snake's attack.
Okay, then.
You reach into the sack... ...and things crawl out!
The snapping turtle is caught in a web!
The sack is emptied!
The merfolk javelineer throws a silver javelin.
The silver javelin pierces through your culicivora!
The silver javelin pierces through you but does no damage.
The water nymph closely misses you.
The manticore closely misses your culicivora.
The manticore barely misses your culicivora.
The manticore claws your culicivora. You block the merfolk's attack.
Your unstable footing causes you to fumble your attack.
The merfolk javelineer throws a silver javelin.
The silver javelin pierces through your culicivora!
The silver javelin pierces through you!!
* * * LOW HITPOINT WARNING * * *
x2 The water nymph gestures at you while chanting.
The water swirls and strikes you!!
You die...

#≈≈##~~##~.#
#≈≈#####~..#
#≈≈≈≈≈≈'...#
#≈≈≈≈≈≈'~~~#
#########''#
#########..#
#8..S~~8#..#
#..t#mm.#..#
#..#ms@~#.÷#
#.[kHs~.#..#
#..~m~.s#.)#
#..~#~~.#.)#
#.~~.~~.#).#
#.~~#~~.#).#
#.~.#.~.#~.#
#.~##~~.~~m#
#.~)#~~~.~.#


You could see a merfolk javelineer (ally target), a sea snake, a merfolk
aquamancer, a snapping turtle (webbed), a wind drake (repels missiles), a
merfolk (ally target), a manticore, a water nymph (ally target), 2 friendly
culicivoras and a friendly scorpion (summoned).

Vanquished Creatures
  Bai Suzhen (Shoals:3)
  Jorgrun (Orc:1)
  A kraken (Shoals:3)
  The ghost of Femoc the Destroyer, a journeyman DsGl of Okawaru (Shoals:2)
  An orc warlord (Orc:2)
  8 merfolk impalers
  A merfolk javelineer (Shoals:4)
  Fannar (D:11)
  A centaur warrior (D:9)
  4 merfolk avatars
  5 hydras
  5 boulder beetles
  6 two-headed ogres
  4 catoblepae (Lair:5)
  2 satyrs
  3 merfolk aquamancers (Shoals:4)
  16 death yaks
  An orc high priest (Orc:2)
  7 skysharks
  4 sea snakes
  Pikel (D:6)
  24 harpies
  4 orc knights
  8 orc sorcerers (Orc:2)
  An oklob plant (Lair:3)
  2 ugly things (IceCv)
  11 manticores
  11 fauns
  7 cyclopes
  6 elephants (Lair:5)
  A kobold blastminer (Orc:1)
  9 merfolk sirens
  5 water nymphs
  3 ice statues (IceCv)
  9 black mambas
  3 torpor snails
  4 gargoyles
  12 cane toads
  Jeremiah (D:6)
  A kobold demonologist (D:11)
  An unseen horror (D:7)
  A rime drake (Lair:2)
  An anaconda simulacrum (IceCv)
  8 komodo dragons
  20 merfolk
  6 polar bears
  11 trolls
  8 wind drakes
  7 saltlings (Orc:2)
  2 snapping turtles (Shoals:3)
  2 hornets
  15 blink frogs
  Sigmund (D:6)
  6 slime creatures
  2 vampires (D:11)
  3 air elementals (Shoals:4)
  4 shadows
  48 yaks
  10 water elementals
  2 wraiths
  5 wyverns
  6 basilisks
  A fire bat (D:11)
  3 wargs (Orc:1)
  3 death yak simulacra (IceCv)
  3 redbacks (Lair:3)
  A hydra simulacrum (IceCv)
  An acid dragon (D:11)
  14 water moccasins
  A hell hound (D:11)
  5 black bears
  18 orc warriors
  4 ice beasts
  A sky beast (D:8)
  7 ogres
  12 wolves
  5 centaurs
  2 lemures
  5 kobold brigands
  6 bullfrogs
  A gnoll sergeant (D:9)
  5 scorpions
  18 wights
  A killer bee (D:9)
  4 howler monkeys
  2 hounds
  20 jellies
  2 gnoll boudas
  9 orc priests
  4 sleepcaps
  3 iguanas
  15 orc wizards
  A polar bear simulacrum (IceCv)
  A wolf simulacrum (IceCv)
  12 gnolls
  5 adders
  A white imp (D:6)
  4 ufetubi
  2 worms
  3 dart slugs
  41 orcs
  12 endoplasms
  4 giant cockroaches
  3 goblins
  4 hobgoblins
  3 jackals (D:1)
  18 kobolds
  4 quokkas
  8 ball pythons
  3 bats
  7 frilled lizards
  6 rats
  2 tentacles (Shoals:3)
685 creatures vanquished.

Vanquished Creatures (collateral kills)
  Josephine (Orc:2)
  A hydra (Lair:3)
  3 wraiths (Orc:2)
  A basilisk (D:11)
  A yak (D:11)
7 creatures vanquished.

Vanquished Creatures (others)
  25 tentacles (Shoals:3)
25 creatures vanquished.

Grand Total: 717 creatures vanquished

Notes
Turn   | Place    | Note
-------+----------+-------------------------------------------
     0 | D:1      | holysushi the Vine Stalker Fighter began the quest for the
                  | Orb.
     0 | D:1      | Reached XP level 1. HP: 11/11 MP: 2/2
    72 | D:1      | Reached XP level 2. HP: 15/16 MP: 1/3
   132 | D:1      | Reached skill level 1 in Dodging
   248 | D:1      | Reached XP level 3. HP: 19/19 MP: 2/4
   826 | D:2      | Reached XP level 4. HP: 23/23 MP: 3/5
   836 | D:2      | Reached skill level 1 in Evocations
   890 | D:2      | Found a glowing golden altar of the Shining One.
  1470 | D:3      | Reached XP level 5. HP: 24/27 MP: 6/6
  1852 | D:3      | Found a basalt altar of Yredelemnul.
  2374 | D:3      | Reached skill level 2 in Dodging
  2977 | D:4      | Reached XP level 6. HP: 28/32 MP: 7/7
  3064 | D:5      | Entered Level 5 of the Dungeon
  3834 | D:5      | Found a bloodstained altar of Trog.
  3857 | D:4      | Reached skill level 5 in Short Blades
  4011 | D:5      | Found a blossoming altar of Fedhas.
  4054 | D:5      | Reached XP level 7. HP: 27/35 MP: 6/8
  4136 | D:5      | Reached skill level 1 in Stealth
  4323 | D:5      | Found a staircase to the Ecumenical Temple.
  4345 | Temple   | Entered the Ecumenical Temple
  4377 | Temple   | Became a worshipper of the Wu Jian Council
  4830 | D:6      | Found an opulent altar of Gozag.
  4860 | D:6      | Gained mutation: You have razor-sharp teeth. [Vine Stalker
                  | growth]
  4860 | D:6      | Reached XP level 8. HP: 33/39 MP: 7/9
  4922 | D:6      | Found Gozag's Platinum Reserve.
  4950 | D:6      | Noticed Sigmund
  4957 | D:6      | Found a snail-covered altar of Cheibriados.
  4963 | D:6      | Killed Sigmund
  5014 | D:6      | Noticed Jeremiah
  5040 | D:6      | Killed Jeremiah
  5115 | D:6      | Reached XP level 9. HP: 41/43 MP: 10/10
  5153 | D:6      | Noticed a cyclops
  5180 | D:6      | Killed a cyclops
  5181 | D:6      | Reached skill level 10 in Short Blades
  5232 | D:6      | Found an iron altar of Okawaru.
  5506 | D:7      | Noticed Pikel
  5627 | D:6      | Killed Pikel
  5799 | D:7      | Reached * piety under Wu Jian
  5816 | D:6      | Reached skill level 5 in Fighting
  5823 | D:7      | Found a shimmering altar of Xom.
  5856 | D:7      | Found Luck's Book Shoppe.
  5927 | D:7      | Reached skill level 3 in Dodging
  5982 | D:7      | Found Biloa's Antique Weapon Shoppe.
  6111 | D:7      | Reached skill level 4 in Dodging
  6128 | D:7      | Reached XP level 10. HP: 40/46 MP: 16/16
  6169 | D:7      | Found an opulent altar of Gozag.
  6170 | D:7      | Identified the staff of the Chewing Stoat {rPois rN++
                  | Alchemy}
  6198 | D:6      | Reached skill level 5 in Dodging
  6308 | D:7      | Identified the +2 leather armour "Boforozi" {rElec rPois
                  | SInv}
  6323 | D:7      | Identified the +8 orcbow of the Volcano {heavy, rF- Will+++
                  | MP+9 Dex-3}
  6413 | D:7      | Noticed a gargoyle
  6449 | D:7      | Killed a gargoyle
  6524 | D:7      | Noticed an unseen horror
  6570 | D:7      | Killed an unseen horror
  6571 | D:7      | Reached skill level 6 in Dodging
  6666 | D:7      | Identified the staff "Larir" {rN+ Conj Necro}
  6751 | D:7      | Found an ancient bone altar of Kikubaaqudgha.
  7218 | D:8      | Found a broken altar of Ashenzari.
  7250 | D:8      | Reached skill level 5 in Shields
  7295 | D:8      | Noticed a cyclops
  7310 | D:8      | Killed a cyclops
  7369 | D:8      | Reached ** piety under Wu Jian
  7397 | D:8      | Reached skill level 5 in Stealth
  7453 | D:8      | Reached skill level 7 in Dodging
  7470 | D:8      | Reached XP level 11. HP: 41/55 MP: 14/17
  8601 | D:9      | Noticed a two-headed ogre
  8703 | D:10     | Entered Level 10 of the Dungeon
  8771 | D:10     | Noticed a two-headed ogre
  8931 | D:9      | Reached skill level 8 in Dodging
  8931 | D:9      | Noticed a four-headed hydra
  9013 | D:9      | Noticed a two-headed ogre
  9019 | D:9      | Killed a two-headed ogre
  9294 | D:9      | Killed a two-headed ogre
  9295 | D:9      | Reached skill level 9 in Dodging
  9298 | D:9      | Noticed a two-headed ogre
  9303 | D:9      | Killed a four-headed hydra
  9305 | D:9      | Noticed a centaur warrior
  9310 | D:9      | Killed a two-headed ogre
  9312 | D:9      | Killed a centaur warrior
  9313 | D:9      | Reached skill level 10 in Dodging
  9435 | D:9      | Noticed a cyclops
  9451 | D:9      | Killed a cyclops
  9551 | D:9      | Found a stormy altar of Qazlal.
  9559 | D:9      | Reached *** piety under Wu Jian
  9560 | D:9      | Reached XP level 12. HP: 60/60 MP: 18/18
 10065 | D:10     | Noticed a +0 spear
 10065 | D:10     | Noticed a +0 short sword
 10065 | D:10     | Noticed a +0 dagger
 10066 | D:10     | Noticed a +0 spear
 10066 | D:10     | Noticed a +0 short sword
 10069 | D:10     | Noticed a +0 dagger
 10072 | D:10     | Found a hide-covered altar of Uskayaw.
 10077 | D:10     | Killed a two-headed ogre
 10078 | D:10     | Reached skill level 11 in Dodging
 10142 | D:10     | Noticed a two-headed ogre
 10153 | D:10     | Killed a two-headed ogre
 10336 | D:11     | Found a frozen archway.
 10346 | IceCv    | Entered an ice cave
 10901 | IceCv    | Reached skill level 12 in Dodging
 11286 | D:11     | Noticed Fannar
 11287 | D:11     | Found a staircase to the Lair.
 11316 | D:11     | Killed Fannar
 11481 | D:11     | Found a transporter.
 11607 | D:11     | Noticed a boulder beetle
 11613 | D:11     | Killed a boulder beetle
 11651 | D:11     | Reached **** piety under Wu Jian
 11652 | D:11     | Reached skill level 13 in Dodging
 11830 | D:11     | Found a transporter.
 11990 | D:11     | Identified the +1 pair of boots of the Villain {Int+6}
 12065 | Lair:1   | Entered Level 1 of the Lair of Beasts
 12239 | Lair:1   | Reached XP level 13. HP: 63/63 MP: 19/19
 12308 | Lair:1   | Identified the +5 flail of the Grinning Coward {spect,
                  | Str+3 Dex+4}
 13290 | Lair:2   | Reached skill level 10 in Stealth
 13348 | Lair:2   | Found an ancient bone altar of Kikubaaqudgha.
 13660 | Lair:2   | Reached ***** piety under Wu Jian
 13671 | Lair:2   | Reached skill level 14 in Dodging
 14207 | Lair:3   | Found a hole to the Spider Nest.
 14615 | Lair:3   | Found a staircase to the Shoals.
 14657 | Lair:3   | Found a transporter.
 14658 | Lair:3   | Found a transporter.
 14773 | Lair:3   | Reached skill level 15 in Dodging
 15067 | Lair:3   | Reached XP level 14. HP: 59/68 MP: 19/21
 16019 | Lair:4   | Reached skill level 5 in Spellcasting
 16313 | Lair:5   | Entered Level 5 of the Lair of Beasts
 16453 | Lair:5   | Found a viscous altar of Jiyva.
 16453 | Lair:5   | Found a staircase to the Slime Pits.
 16596 | Lair:5   | Found a runed translucent gate.
 16596 | Lair:5   | Found a runed translucent gate.
 16596 | Lair:5   | Found a viscous altar of Jiyva.
 16596 | Lair:5   | Found a runed translucent gate.
 16596 | Lair:5   | Noticed an azure jelly
 16596 | Lair:5   | Noticed an azure jelly
 16596 | Lair:5   | Noticed an acid blob
 16596 | Lair:5   | Noticed a rockslime
 16596 | Lair:5   | Noticed jasper's ghost (journeyman DsCA)
 16596 | Lair:5   | Noticed an azure jelly
 16596 | Lair:5   | Noticed a quicksilver ooze
 16596 | Lair:5   | Noticed an acid blob
 16596 | Lair:5   | Noticed an acid blob
 16596 | Lair:5   | Noticed an acid blob
 16597 | Lair:5   | Noticed an azure jelly
 17117 | Lair:5   | Reached ****** piety under Wu Jian
 17928 | Lair:5   | Reached XP level 15. HP: 70/75 MP: 26/26
 18170 | Lair:5   | Identified the +8 sling of Crawling {speed, rPois}
 18846 | D:12     | Found a staircase to the Orcish Mines.
 19081 | D:12     | Reached skill level 1 in Ranged Weapons
 19335 | D:12     | Found Budyerud's Book Shoppe.
 19531 | Orc:1    | Entered Level 1 of the Orcish Mines
 19606 | Orc:1    | Noticed Jorgrun
 19622 | Orc:1    | Killed Jorgrun
 20091 | Orc:1    | Found Hisuhol's Antique Armour Boutique.
 20143 | Orc:2    | Entered Level 2 of the Orcish Mines
 20300 | Orc:2    | Noticed Josephine
 20303 | Orc:2    | Found a staircase to the Elven Halls.
 20309 | Orc:2    | Killed Josephine
 20789 | Orc:2    | Found Vageademaph's Assorted Antiques.
 20789 | Orc:2    | Noticed an orc warlord
 20803 | Orc:2    | Found Kiytraps's Armour Shoppe.
 21148 | Orc:2    | Reached skill level 16 in Dodging
 21191 | Orc:2    | Killed an orc warlord
 21519 | Orc:2    | Found Teuse's Jewellery Shoppe.
 21534 | Orc:2    | Bought a pair of warped gloves for 294 gold pieces
 21534 | Orc:2    | Identified the +3 pair of gloves "Naoqopi" {Str+2} (You
                  | bought it in a shop on level 2 of the Orcish Mines)
 21568 | Orc:2    | Bought the ring of the Archfiend {rElec Str+6 Slay+3} for
                  | 688 gold pieces
 21577 | Orc:2    | Bought an amulet of regeneration for 330 gold pieces
 21642 | Orc:2    | Found Joantien's Jewellery Boutique.
 22026 | Shoals:1 | Entered Level 1 of the Shoals
 22185 | Shoals:1 | Found a flickering gateway to a bazaar.
 22259 | Bazaar   | Entered a bazaar
 22259 | Bazaar   | Found Igyelit's Antique Weapon Boutique.
 22259 | Bazaar   | Found Loti's General Store.
 22259 | Bazaar   | Found Viatsywn's Antique Weapon Shop.
 22259 | Bazaar   | Found Pakusch's Assorted Antiques.
 22261 | Bazaar   | Found Ubbyfup's Antique Armour Shop.
 22261 | Bazaar   | Found Zeompouc's Antique Weapon Emporium.
 22289 | Bazaar   | Bought a scroll labelled LEINUI KIUTEU for 28 gold pieces
 22401 | Bazaar   | Bought a shiny helmet for 157 gold pieces
 22401 | Bazaar   | Bought a runed kite shield for 157 gold pieces
 22429 | Bazaar   | Bought an iridescent rapier for 180 gold pieces
 22429 | Bazaar   | Identified the +10 rapier "Felum" {drain, Fly} (You bought
                  | it in a shop in a bazaar)
 22727 | Shoals:1 | Reached XP level 16. HP: 71/83 MP: 29/29
 23814 | Shoals:2 | Reached skill level 5 in Ranged Weapons
 23826 | Shoals:2 | Found a runed translucent door.
 23826 | Shoals:2 | Noticed Femoc's ghost (journeyman DsGl)
 24045 | Shoals:2 | Killed Femoc's ghost
 24142 | Shoals:3 | Noticed Bai Suzhen
 24173 | Shoals:3 | Killed Bai Suzhen
 24254 | Shoals:3 | Noticed a kraken
 24299 | Shoals:3 | Killed a kraken
 25228 | Shoals:3 | Reached skill level 10 in Spellcasting
 25351 | Shoals:4 | Entered Level 4 of the Shoals
 25556 | Shoals:4 | Reached skill level 10 in Fighting
 25563 | Shoals:4 | Reached XP level 17. HP: 89/89 MP: 32/32
 25799 | Shoals:4 | Paralysed by an air elemental for 1 turns
 25834 | Shoals:4 | Reached skill level 10 in Shields
 25872 | Shoals:4 | Killed from afar by a water nymph

Illustrated notes

Levels and vault maps discovered:
D:1:      psy_arrival_basics, layout_rooms
D:2:      layout_rooms, basic_altar, serial_corexii_hall,
          corexii_hall_statues_i, corexii_hall_statues_i,
          chequers_hall_statues_wall_a, reono_crystal_passage,
          nicolae_grassy_gnolls
D:3:      layout_basic, lemuel_round_altar
D:4:      layout_basic
D:5:      layout_basic, fedhas_altar_1, mainiacjoe_overflow_tiny_flanked,
          minmay_temple_entry_mini_moons, minivault_23
D:6:      layout_rooms, cheibriados_altar_1, nicolae_gozag_zags_fifth_avenue,
          mainiacjoe_overflow_alcove_1, uniq_jeremiah, uniq_sigmund
D:7:      minmay_the_grid_square_5x5_3x3 [minmay_the_grid_square_5x5_two,
          minmay_the_grid_square_5x5_half_checkered,
          minmay_the_grid_square_5x5_longway,
          minmay_the_grid_square_5x5_percent,
          minmay_the_grid_square_5x5_megaprize_open,
          minmay_the_grid_square_5x5_inner_z,
          minmay_the_grid_square_5x5_spiral_small,
          minmay_the_grid_square_5x5_shrine1, minmay_the_grid_square_5x5_c],
          layout_rooms, nicolae_overflow_crystal_walls,
          mainiacjoe_overflow_catwalk, serial_shops, shop, shop, uniq_pikel
D:8:      layout_layer_cave, cheibrodos_ashenzari_chains
D:9:      nzn_winding_woodlands_small
          [nzn_winding_woodlands_5x15_pathside_ponds,
          nzn_winding_woodlands_center_garden, nzn_winding_woodlands_5x15_eye],
          layout_cave_pools, nicolae_qazlal_general_emergency, serial_glass,
          glass_columns_a, glass_columns_b
D:10:     layout_rooms, nicolae_uskayaw_en_pointe, kennysheep_generic_room_9
D:11:     gammafunk_cloud_chamber, layout_basic, david_lair_generic,
          portal_ice_cave_entry_pillars_2, uniq_fannar
D:12:     layout_roguey, david_orc_2, serial_shops, shop
Temple:   grunt_temple_mini_profane
Lair:1:   layout_cave_pods, grunt_forest_large_clearings
Lair:2:   layout_cave_pods, basic_altar, infiniplex_staircase_pool_2
Lair:3:   gammafunk_boulding_lane, layout_layer_cave,
          minmay_shoals_entry_beasts, spider_nest_entry_webs
Lair:4:   layout_loops_ring, infiniplex_staircase_pool
Lair:5:   evilmike_catoblepas_cave, layout_regular_city,
          minmay_slime_entry_jelly_boxes, gammafunk_ghost_ooze
Shoals:1: layout_shoals, serial_shops, bzr_entry_dummy
Shoals:2: layout_shoals, gammafunk_ghost_grave, abandoned_shop
Shoals:3: layout_shoals, uniq_bai_suzhen
Shoals:4: shoals_end_hellmonk_storm_palace [storm_palace_center_ruins,
          storm_palace_corner_blocked, storm_palace_corner_altar,
          storm_palace_corner_narrow, storm_palace_corner_pillars]
Orc:1:    layout_caves, serial_shops, nicolae_shop_real_fake_doors, basic_altar,
          uniq_jorgrun
Orc:2:    hellmonk_orc_salted, layout_diamond_mine, uniq_josephine

Skill      XL: |  1  2  3  4  5  6  7  8  9 10 11 12 13 14 15 16 17 |
---------------+----------------------------------------------------+-----
Short Blades   | 2 3 4 5 7 9 10 | 10.0
Dodging        | 1 2 4 7 10 13 15 16 | 16.8
Evocations     | 1 2 3 4 |  4.0
Stealth        | 3 5 7 8 10 | 10.0
Spellcasting   | 3 4 6 8 10 | 10.0
Fighting       | 5 7 8 10 | 10.0
Shields        | 5 7 8 9 10 | 10.0
Ranged Weapons | 4 6 |  6.8
Armour         | |  2.4

Action                     |  1- 3 |  4- 6 |  7- 9 | 10-12 | 13-15 | 16-18 || total
---------------------------+-------+-------+-------+-------+-------+-------++-------
  Melee: Rapier            |    97 |    23 |       |       |       |       ||   120
         Bite              |    16 |    81 |   130 |   490 |  1056 |   300 ||  2073
         Short sword       |       |   191 |   342 |  1132 |  2240 |   777 ||  4682
   Fire: Sling             |       |       |       |       |   303 |   161 ||   464
Ability: Lunge             |       |       |    14 |    56 |    62 |    49 ||   181
         Whirlwind         |       |       |     1 |    77 |   313 |   118 ||   509
  Evoke: Wand              |       |     4 |     4 |    14 |     5 |     1 ||    28
         Sack of spiders   |       |       |       |     1 |     2 |     2 ||     5
         Phial of floods   |       |       |       |     1 |     1 |       ||     2
         Condenser vane    |       |       |       |       |       |     1 ||     1
    Use: Scroll            |       |    15 |       |    11 |    14 |     5 ||    45
         Potion            |       |       |       |     1 |       |     2 ||     3
   Stab: Invisible         |       |     1 |     5 |     5 |     3 |       ||    14
         Sleeping          |       |       |       |    13 |    22 |     8 ||    43
         Distracted        |       |       |       |     4 |     6 |       ||    10
         Held in net/web   |       |       |       |     1 |       |       ||     1
         Petrified         |       |       |       |       |     2 |       ||     2
 Armour: Scale mail        |    78 |    96 |   107 |    31 |       |       ||   312
         Leather armour    |       |       |       |   110 |       |       ||   110
         Robe              |       |       |       |    55 |       |       ||    55
         Troll leather arm |       |       |       |    53 |   375 |   221 ||   649
  Dodge: Dodged            |    53 |    55 |    73 |   299 |   802 |   304 ||  1586
  Block: Buckler           |    28 |    29 |    39 |   104 |   307 |       ||   507
         Kite shield       |       |       |       |       |    23 |   381 ||   404

Table legend: (Time is in decaauts)
 A = Elapsed time spent in this place.
 B = Non-inter-level travel time spent in this place.
 C = Inter-level travel time spent in this place.
 D = Time resting spent in this place.
 E = Time spent auto-exploring this place.
 F = Levels seen in this place.
 G = Mean time per level.
                   A        B        C        D        E       F      G
               +--------+--------+--------+--------+--------+-----+--------+
         Total |  24234 |  22906 |   1328 |   2568 |  13072 |  26 |  932.1 |
       Dungeon |  11731 |  10774 |    957 |    829 |   7037 |  12 |  977.6 |
        Temple |     55 |     10 |     45 |      0 |      0 |   1 |   55.0 |
          Lair |   6031 |   5825 |    206 |    314 |   3612 |   5 | 1206.2 |
        Shoals |   3552 |   3479 |     73 |    835 |   1325 |   4 |  888.0 |
  Orcish Mines |   2085 |   2040 |     45 |    315 |   1080 |   2 | 1042.5 |
        Bazaar |    219 |    219 |      0 |    100 |     18 |   1 |  219.0 |
      Ice Cave |    558 |    558 |      0 |    175 |      0 |   1 |  558.0 |
               +--------+--------+--------+--------+--------+-----+--------+

Top non-repeatable levels by time:
  Lair:5: 1811 daAuts
     D:8: 1670 daAuts
  Lair:3: 1368 daAuts
   Orc:2: 1353 daAuts
     D:4: 1193 daAuts
     D:3: 1168 daAuts
    D:11: 1154 daAuts
Shoals:1: 1133 daAuts
     D:7: 1075 daAuts
  Lair:1: 1057 daAuts
     D:5: 1017 daAuts
     D:6: 985 daAuts
Shoals:3: 982 daAuts
  Lair:2: 952 daAuts
Shoals:2: 951 daAuts
